 Dungeon Crawl Stone Soup version 0.31-a0-271-gb88eb75e06 (webtiles) character file.

Game seed: 11286274717760487084

6834 benadryl the Mimic (level 10, 0/107 HPs)
             Began as a Troll Shapeshifter on July 14, 2023.
             Was a Priest of Trog.
             Slain by a troll (7 damage)
             ... on level 9 of the Dungeon on July 15, 2023.
             The game lasted 00:12:42 (8407 turns).

benadryl the Mimic (Troll Shapeshifter)             Turns: 8407, Time: 00:12:42

Health: 0/107      AC:  6    Str: 32    XL:     10   Next: 77%
Magic:  18/18      EV:  9    Int:  4    God:    Trog [***...]
Gold:   549        SH:  0    Dex: 10    Spells: 9/9 levels left

rFire   + +          .
                       - Unarmed
rCold   + . .        (no shield)
rNeg    . . .        F - +2 robe {rC+ rF+}
rPois   +            (helmet currently unavailable)
rElec   .            (cloak currently unavailable)
rCorr   .            (gloves unavailable)
SInv    +            (boots unavailable)
Will    .....        b - amulet of the City {Faith +Blink rPois rF+ Str+3}
Stlth   +            i - ring of see invisible
HPRegen 1.17/turn    s - ring of magical power
MPRegen 0.16/turn

%: faith
@: beast-form
A: beast (slay +6), large, unfitting armour, claws 3, regeneration 1, shaggy fur
1, tough skin 1
a: Begin Untransformation, Renounce Religion, Evoke Blink, Berserk, Trog's Hand


You were on level 9 of the Dungeon.
You worshipped Trog.
Trog was most pleased with you.
You were a hulking beast.
You visited 2 branches of the dungeon, and saw 10 of its levels.
You also visited: Sewer and Ossuary.

You collected 549 gold pieces.

Inventory:

Hand Weapons
 x - a +0 giant spiked club
Missiles
 g - 36 poisoned darts
 n - 2 throwing nets
 B - 5 curare-tipped darts
Armour
 o - +0 steam dragon scales
 F - a +2 robe of resistance (worn)
Jewellery
 b - the amulet of the City (around neck) {Faith +Blink rPois rF+ Str+3}
   (You acquired it on level 3 of the Dungeon)

   [amulet of faith]

   It allows you to gain divine favour quickly.
   Str:       It affects your strength (+3).
   rF:        It protects you from fire.
   rPois:     It protects you from poison.
   +Blink:    It lets you blink.
 i - a ring of see invisible (left claw)
 s - a ring of magical power (right claw)
 w - a ring of resist corrosion
Talismans
 c - a beast talisman
Wands
 j - a wand of flame (10)
 u - a wand of digging (5)
 y - a wand of charming (20)
Scrolls
 a - 2 scrolls of enchant weapon {unknown}
 h - 2 scrolls of enchant armour
 p - 2 scrolls of fog
 r - 2 scrolls of teleportation
 v - 3 scrolls of amnesia
 z - a scroll of immolation
 C - a scroll of brand weapon {unknown}
 E - 3 scrolls of identify {@r1}
 G - a scroll of blinking {unknown}
Potions
 d - 3 potions of curing {@q1}
 e - a potion of attraction
 f - 2 potions of degeneration
 k - a potion of berserk rage {unknown}
 l - 2 potions of magic {unknown}
 m - 3 potions of heal wounds {unknown}
 q - 4 potions of might {unknown}
 t - 3 potions of brilliance {unknown}
 A - a potion of ambrosia {unknown}
 D - a potion of invisibility {unknown}


   Skills:
 - Level 9.1 Fighting
 - Level 1.5 Dodging
 - Level 7.3 Unarmed Combat
 + Level 9.5 Shapeshifting


You had 9 spell levels left.
You didn't know any spells.
Your spell library contained the following spells:

 Spells                   Type           Power      Damage    Failure   Level
 Vhi's Electric Charge    Tloc/Air       0%         N/A       86%         3
 Arcjolt                  Conj/Air       0%         1d10      100%        5
 Conjure Ball Lightning   Conj/Air       0%         3x3d6     100%        6
 Plasma Beam              Fire/Air       0%         2x1d10    100%        6
 Discord                  Hex            0%         N/A       100%        8
 Disjunction              Tloc           0%         N/A       100%        8


Dungeon Overview and Level Annotations

Branches:
Dungeon (9/15)             Temple (1/1) D:7           Sewer (visited)
Ossuary (visited)
   Lair: D:8-11         Orc: D:9-12

Altars:
Ashenzari
Cheibriados
Dithmenos
Elyvilon
Fedhas
Gozag
Hepliaklqana
Kikubaaqudgha
Makhleb
Okawaru
Qazlal
Ru
Sif Muna
Trog
Uskayaw
Vehumet
Wu Jian
Xom
Zin
The Shining One

Annotations:
D:3 3 runed translucent doors, cforsyth's ghost, amateur OgSh
D:7 2 runed translucent doors


Innate Abilities, Weirdness & Mutations

You are a hulking beast.
Your limbs bulge with bestial killing power. (Slay +6)
You are too large for most types of armour.
You have claws for hands.
Your natural rate of healing is unusually fast.
You are covered in fur. (AC +1)
You have tough skin. (AC +1)


Message History

The bullfrog hits you but does no damage.
There is an open door here.
The troll attacks as you move away! The troll barely misses you.
The troll claws you but does no damage. The troll claws you!
The bullfrog closely misses you.
You scratch the bullfrog.
The bullfrog is lightly wounded.
The bullfrog hits you but does no damage.
You claw the bullfrog!
The bullfrog is almost dead.
The bullfrog hits you but does no damage.
You closely miss the bullfrog. You claw the bullfrog.
You kill the bullfrog!
Trog accepts your kill.
You closely miss the troll.
The troll is heavily wounded.
The troll bites you. The troll claws you!
* * * LOW HITPOINT WARNING * * *
The troll barely misses you.
You barely miss the troll.
The troll is heavily wounded.
The troll closely misses you.
The troll claws you but does no damage. x2
You barely miss the troll.
The troll is moderately wounded.
The troll bites you.
* * * LOW HITPOINT WARNING * * *
The troll claws you but does no damage. The troll claws you.
* * * LOW HITPOINT WARNING * * *
You claw the troll!
The troll is severely wounded.
The troll bites you!
* * * LOW HITPOINT WARNING * * *
The troll claws you.
* * * LOW HITPOINT WARNING * * *
The troll claws you!
* * * LOW HITPOINT WARNING * * *
You feel better. The troll bites you.
* * * LOW HITPOINT WARNING * * *
The troll claws you!
You die...

....... #........##..# #.
......#######..........###.
###...............#.###.##..
#.........#####.###.# #.≈≈.≈
#.........##......#.# #.≈#'#
#.........##.##.#.#.# #§≈#_#
..........##.##.#.#†# #§§#'#
..........##.##.#.#†# #.§≈.≈
..........Th........# #.##.§
..........##.##.#.### # ###
..........##.##.#.#####
..........##.##.#.....#
############.##.#####.######
#.##.# #....... #.##.#
######## #.##.# .##


You could see a troll.

Vanquished Creatures
  Erica (D:8)
  Maggie (D:7)
  Grinder (D:6)
  Prince Ribbit (D:9)
  Sigmund (D:6)
  10 yaks
  A wyvern (D:8)
  Menkaure (D:7)
  A steam dragon (D:5)
  2 water moccasins
  5 orc warriors
  A black bear (D:5)
  3 ice beasts
  3 sky beasts
  2 ogres (D:5)
  A centaur (D:8)
  A phantom (D:7)
  3 kobold brigands
  5 bullfrogs
  2 elf zombies (Ossuary)
  2 scorpions
  2 centaur zombies (Ossuary)
  3 howler monkeys
  6 hounds
  4 orc priests
  2 jellies
  A sleepcap (D:5)
  2 iguanas
  Natasha (thrice) (D:3)
  2 orc wizards (D:7)
  A hound zombie (Ossuary)
  3 mummies (Ossuary)
  Robin (D:2)
  13 adders
  A shadow imp (D:8)
  A white imp (D:5)
  3 ufetubi
  2 adder zombies (Ossuary)
  3 worms
  2 dart slugs
  28 orcs
  A bat (D:1)
  4 endoplasms
  13 giant cockroaches
  A gnoll zombie (Ossuary)
  7 goblins
  10 hobgoblins
  6 jackals
  21 kobolds
  9 quokkas
  12 ball pythons
  11 frilled lizards
  5 goblin zombies
  3 hobgoblin zombies (Ossuary)
  5 jackal zombies (Ossuary)
  A kobold zombie (Ossuary)
  2 orc zombies (Ossuary)
  3 quokka zombies (Ossuary)
  2 rats
  7 rat zombies (Ossuary)
254 creatures vanquished.

Vanquished Creatures (collateral kills)
  An adder (D:6)
1 creature vanquished.

Grand Total: 255 creatures vanquished

Notes
Turn   | Place    | Note
-------+----------+-------------------------------------------
     0 | D:1      | benadryl the Troll Shapeshifter began the quest for the
                  | Orb.
     0 | D:1      | Reached XP level 1. HP: 19/19 MP: 0/0
   376 | D:1      | Reached XP level 2. HP: 27/27 MP: 1/1
   683 | D:2      | Noticed Robin
   701 | D:2      | Killed Robin
   702 | D:2      | Reached XP level 3. HP: 33/33 MP: 2/2
   953 | D:2      | Reached XP level 4. HP: 41/41 MP: 3/3
  1313 | D:3      | Found a white marble altar of Elyvilon.
  1318 | D:3      | Identified a scroll of acquirement
  1318 | D:3      | Acquired the amulet of the City {Faith +Blink rPois rF+
                  | Str+3}
  1329 | D:3      | Noticed Natasha
  1332 | D:3      | Killed Natasha
  1360 | D:3      | Found a runed translucent gate.
  1361 | D:3      | Found a runed translucent gate.
  1361 | D:3      | Found a runed translucent gate.
  1370 | D:3      | Reached skill level 5 in Unarmed Combat
  1374 | D:3      | Noticed cforsyth's ghost (amateur OgSh)
  1429 | D:3      | Found a hide-covered altar of Uskayaw.
  1429 | D:3      | Noticed a +0 dagger
  1429 | D:3      | Noticed a +0 dagger
  1430 | D:3      | Noticed a +0 spear
  1430 | D:3      | Noticed a +0 short sword
  1431 | D:3      | Noticed a +0 short sword
  1431 | D:3      | Noticed a +0 falchion
  1433 | D:3      | Noticed a +0 spear
  1434 | D:3      | Noticed a +0 falchion
  1486 | D:3      | Noticed Natasha
  1491 | D:3      | Killed Natasha
  1492 | D:3      | Reached XP level 5. HP: 35/48 MP: 4/4
  1527 | D:3      | Noticed Natasha
  1535 | D:3      | Killed Natasha
  1542 | D:3      | Found a shadowy altar of Dithmenos.
  1747 | D:3      | Found a glowing drain.
  1760 | Sewer    | Entered a sewer
  1939 | Sewer    | Reached XP level 6. HP: 55/55 MP: 5/5
  2700 | D:4      | Identified the +0 buckler of Ofoimuda {-Cast Harm rCorr
                  | Slay+3}
  3257 | D:4      | Reached XP level 7. HP: 62/65 MP: 6/6
  3711 | D:5      | Entered Level 5 of the Dungeon
  4065 | D:5      | Noticed a steam dragon
  4069 | D:5      | Killed a steam dragon
  4074 | D:5      | Reached XP level 8. HP: 70/79 MP: 7/7
  4227 | D:5      | Reached skill level 5 in Fighting
  4937 | D:6      | Noticed Sigmund
  4952 | D:6      | Killed Sigmund
  4953 | D:6      | Reached skill level 5 in Shapeshifting
  5024 | D:6      | Noticed Grinder
  5030 | D:6      | Killed Grinder
  5064 | D:6      | Reached XP level 9. HP: 92/92 MP: 8/8
  5521 | D:7      | Noticed Maggie
  5533 | D:7      | Killed Maggie
  5683 | D:7      | Found a large runed translucent door.
  5684 | D:7      | Found a large runed translucent door.
  5959 | D:7      | Found a staircase to the Ecumenical Temple.
  5965 | Temple   | Entered the Ecumenical Temple
  5978 | Temple   | Became a worshipper of Trog the Wrathful
  6309 | D:7      | Reached XP level 10. HP: 106/106 MP: 9/9
  6448 | D:7      | Noticed Menkaure
  6454 | D:7      | Killed Menkaure
  6868 | D:8      | Identified the +10 chain mail "Bughec" {Fly rPois Stlth+}
  6877 | D:8      | Found a sand-covered staircase.
  6890 | Ossuary  | Entered an ossuary
  6904 | Ossuary  | Reached * piety under Trog
  7073 | Ossuary  | Reached ** piety under Trog
  7137 | D:8      | Found a sacrificial altar of Ru.
  7211 | D:8      | Noticed Erica
  7223 | D:8      | Killed Erica
  7793 | D:8      | Found an ancient bone altar of Kikubaaqudgha.
  7796 | D:8      | Found a blossoming altar of Fedhas.
  8098 | D:9      | Noticed Prince Ribbit
  8106 | D:9      | Killed Prince Ribbit
  8112 | D:9      | Reached *** piety under Trog
  8196 | D:9      | Found an ornate altar of the Wu Jian Council.
  8276 | D:9      | Found a shimmering blue altar of Sif Muna.
  8290 | D:9      | Found a stormy altar of Qazlal.
  8406 | D:9      | HP: 3/107 [troll (10)]
  8407 | D:9      | Slain by a troll

Illustrated notes

Levels and vault maps discovered:
D:1:      grunt_arrival_crossed_arrows, layout_basic
D:2:      layout_basic, serial_rivers, chequers_serial_rivers_room_b,
          chequers_serial_rivers_micro_b, chequers_serial_rivers_room_a,
          chequers_serial_rivers_micro_b, chequers_serial_rivers_room_a,
          chequers_serial_rivers_micro_b, uniq_robin
D:3:      layout_loops_cross, nicolae_dithmenos_through_a_glass_darkly,
          nicolae_uskayaw_en_pointe, lemuel_crystal_altar,
          gammafunk_ghost_split, portal_sewer_entry_a, minmay_diced_spiral,
          uniq_natasha
D:4:      layout_layer_cave, kennysheep_generic_room_10
D:5:      layout_basic
D:6:      layout_loops_ring, uniq_sigmund, uniq_grinder
D:7:      nicolae_BIG_FREAKIN_CUBE, layout_cave_pods, jmf_multi_god_temple2,
          temple_green, moated_statue, hex_tiny, minmay_misc_feat_tower,
          chequers_serial_rivers_marsh, uniq_menkaure, uniq_maggie
D:8:      layout_layer_cave, grunt_temple_overflow_growth_and_decay,
          hangedman_ru_absence, enter_ossuary_4, uniq_erica
D:9:      layout_basic, kennysheep_mini_moat, led_sif_pool,
          nzn_wu_jian_contemplation, special_room [special_room_orc],
          uniq_prince_ribbit1
Temple:   minmay_freezing_vapour_temple

Skill      XL: |  1  2  3  4  5  6  7  8  9 10 |
---------------+-------------------------------+-----
Unarmed Combat | 3 4 5 6 7 |  7.3
Fighting       | 2 4 6 8 9 |  9.1
Shapeshifting  | 4 5 6 9 |  9.5
Dodging        | |  1.5

Action                     |  1- 3 |  4- 6 |  7- 9 | 10-12 || total
---------------------------+-------+-------+-------+-------++-------
  Melee: Unarmed           |    72 |   165 |   196 |   182 ||   615
         Punch             |     2 |     3 |     6 |     8 ||    19
  Throw: Dart              |       |       |     4 |       ||     4
    Use: Potion            |     1 |       |       |     1 ||     2
         Scroll            |       |     8 |     6 |     1 ||    15
   Stab: Sleeping          |       |       |     1 |       ||     1
 Armour: Animal skin       |    16 |    67 |    41 |       ||   124
         Skin              |    28 |       |       |       ||    28
         Steam dragon scal |       |       |    24 |    37 ||    61
         Robe              |       |       |       |    40 ||    40
  Dodge: Dodged            |    22 |    84 |    81 |    79 ||   266

Table legend: (Time is in decaauts)
 A = Elapsed time spent in this place.
 B = Non-inter-level travel time spent in this place.
 C = Inter-level travel time spent in this place.
 D = Time resting spent in this place.
 E = Time spent auto-exploring this place.
 F = Levels seen in this place.
 G = Mean time per level.
                   A        B        C        D        E       F      G
               +--------+--------+--------+--------+--------+-----+--------+
         Total |   8342 |   8004 |    338 |    755 |   5522 |  12 |  695.2 |
       Dungeon |   7654 |   7321 |    333 |    755 |   5450 |   9 |  850.4 |
        Temple |     18 |     13 |      5 |      0 |      0 |   1 |   18.0 |
         Sewer |    445 |    445 |      0 |      0 |     10 |   1 |  445.0 |
       Ossuary |    223 |    223 |      0 |      0 |     62 |   1 |  223.0 |
               +--------+--------+--------+--------+--------+-----+--------+

Top non-repeatable levels by time:
     D:4: 1260 daAuts
     D:7: 1208 daAuts
     D:8: 1071 daAuts
     D:5: 978 daAuts
     D:3: 833 daAuts
     D:1: 681 daAuts
     D:6: 640 daAuts
     D:2: 620 daAuts
   Sewer: 445 daAuts
     D:9: 360 daAuts
 Ossuary: 223 daAuts
  Temple: 18 daAuts
